 Dungeon Crawl Stone Soup version 0.28.0-45-g0d030f2227 (webtiles) character file.

Game seed: 9902087842098486112

4869 Peloso the Carver (level 10, 0/86 HPs)
             Began as a Minotaur Fighter on Apr 14, 2022.
             Was a Follower of Okawaru.
             Hit by a javelin thrown by a centaur (2 damage)
             ... in a bailey.
             The game lasted 00:16:49 (9333 turns).

Peloso the Carver (Minotaur Fighter)                Turns: 9333, Time: 00:16:49

Health: 0/86       AC: 16    Str: 31    XL:     10   Next: 26%
Magic:  9/9        EV:  9    Int:  5    God:    Okawaru [*.....]
Gold:   161        SH: 15    Dex: 12    Spells: 9/9 levels left

rFire   x . .      SeeInvis .   a - +1 long sword
rCold   + . .      Faith    .   c - +0 tower shield
rNeg    . . .      Spirit   .   q - +1 scale mail of the Stars {-Cast Str+5}
rPois   +          Reflect  .   (helmet restricted)
rElec   +          Harm     .   y - +2 cloak {rPois}
rCorr   .          Rampage  .   (no gloves)
Will    .....      NoCast   +   (no boots)
Stlth   +.........              (no amulet)
HPRegen 0.24/turn               t - +4 ring of protection
MPRegen 0.11/turn               r - ring "Fepilaita" {Ice rElec Str+3 Stlth+}

@: no status effects
A: horns 2, retaliatory headbutt
a: Renounce Religion, Heroism


You were in a bailey.
You worshipped Okawaru.
Okawaru was aware of your devotion.
You visited 2 branches of the dungeon, and saw 9 of its levels.
You also visited: Bailey.

You collected 350 gold pieces.
You spent 189 gold pieces at shops.

Inventory:

Hand Weapons
 a - a +1 long sword (weapon)
 b - a +4 dagger
Missiles
 D - 2 throwing nets (quivered)
Armour
 c - a +0 tower shield (worn)
 n - a +0 crystal plate armour
 q - the +1 scale mail of the Stars (worn) {-Cast Str+5}
   (You bought it in a shop on level 3 of the Dungeon)

   Str:       It affects your strength (+5).
   -Cast:     It prevents spellcasting.
 y - a +2 cloak of poison resistance (worn)
Jewellery
 j - a ring of see invisible
 m - a ring of positive energy
 r - the ring "Fepilaita" (right hand) {Ice rElec Str+3 Stlth+}
   (You found it on level 5 of the Dungeon)

   [ring of ice]

   It enhances your ice magic.
   Str:       It affects your strength (+3).
   rF:        It makes you vulnerable to fire.
   rC:        It protects you from cold.
   rElec:     It insulates you from electricity.
   Stlth:     It makes you more stealthy.
 t - a +4 ring of protection (left hand)
 z - a ring of poison resistance
Wands
 f - a wand of polymorph (14)
 g - a wand of flame (37)
Scrolls
 e - 2 scrolls of teleportation
 h - 2 scrolls of fog
 k - a scroll of immolation
 p - a scroll of vulnerability {unknown}
 w - 2 scrolls of identify
 A - a scroll of torment {unknown}
 C - a scroll of enchant weapon
Potions
 d - a potion of might
 i - 2 potions of flight {unknown}
 o - a potion of magic {unknown}
 s - a potion of attraction {unknown}
 u - 2 potions of brilliance {unknown}
 v - a potion of invisibility {unknown}
 x - 2 potions of berserk rage {unknown}
 B - a potion of curing


   Skills:
 + Level 7.4 Fighting
 + Level 11.1 Long Blades
 + Level 7.8 Armour
 + Level 5.0 Dodging
 + Level 1.1 Stealth
 + Level 9.3 Shields
 + Level 0.7 Unarmed Combat
 + Level 2.0 Evocations


You had 9 spell levels left.
You didn't know any spells.
Your spell library contained the following spells:

 Spells                   Type           Power      Damage    Failure   Level
 Apportation              Tloc           0%         N/A       100%        1
 Sting                    Tmut/Pois      0%         1d3       100%        1
 Blink                    Tloc           0%         N/A       100%        2
 Poisonous Vapours        Pois/Air       0%         N/A       100%        2
 Sublimation of Blood     Necr           0%         N/A       100%        2
 Wereblood                Tmut           0%         N/A       100%        2
 Gell's Gravitas          Tloc           0%         N/A       100%        3
 Lesser Beckoning         Tloc           0%         N/A       100%        3
 Teleport Other           Tloc           0%         N/A       100%        3
 Olgreb's Toxic Radiance  Pois           0%         N/A       100%        4
 Manifold Assault         Tloc           0%         N/A       100%        5
 Storm Form               Tmut/Air       0%         N/A       100%        7
 Animate Skeleton         Necr           Unusable   N/A       N/A         1
 Summon Small Mammal      Summ           Unusable   N/A       N/A         1
 Summon Hydra             Summ           Unusable   N/A       N/A         7

Dungeon Overview and Level Annotations

Branches:
Dungeon (8/15)             Temple (1/1) D:7          Bailey (1/1)
   Lair: D:8-11

Altars:
Cheibriados
Dithmenos
Elyvilon
Fedhas
Kikubaaqudgha
Makhleb
Nemelex Xobeh
Okawaru
Ru
Sif Muna
Trog
Uskayaw
Vehumet
Wu Jian
Yredelemnul
Zin
The Shining One

Shops:
D:3 [   D:7 *


Innate Abilities, Weirdness & Mutations

You have a pair of horns on your head.
You reflexively headbutt those who attack you in melee.


Message History

a +0 trident; a +0 ring mail You hit the centaur.
The centaur is lightly wounded.
The centaur misses you. The centaur completely misses you.
You block the centaur's attack. The centaur closely misses you.
You hit the centaur but do no damage. You block the centaur's attack. x2
The centaur hits you but does no damage.
The centaur kicks you but does no damage.
You hit the centaur. You headbutt the centaur.
The centaur is heavily wounded.
The centaur barely misses you. The centaur closely misses you.
The centaur throws a javelin.
The javelin pierces through you. You block the centaur's attack.
The centaur kicks you but does no damage.
You slash the centaur! Your headbutt misses the centaur.
The centaur is severely wounded.
The centaur throws a javelin.
The javelin pierces through you!
* * * LOW HITPOINT WARNING * * *
You block the centaur's attack. x2
An orc warrior comes into view. It is wielding a +0 glaive.
The centaur throws a javelin.
The javelin pierces through you but does no damage.
You slash the centaur!
You kill the centaur!
Okawaru accepts your kill.
Unknown command.
As you read the scroll of teleportation, it crumbles to dust.
You feel strangely unstable.
The centaur throws a javelin.
The javelin pierces through you.
* * * LOW HITPOINT WARNING * * *
Your surroundings seem slightly different.
The centaur throws a javelin.
The javelin barely misses you.
The centaur throws a javelin.
The javelin pierces through you.
* * * LOW HITPOINT WARNING * * *
The centaur throws a javelin.
The javelin pierces through you.
* * * LOW HITPOINT WARNING * * *
The centaur throws a javelin.
The javelin pierces through you!
* * * LOW HITPOINT WARNING * * *
The centaur throws a javelin.
The javelin pierces through you.
You die...

##......)..........)...##
##...................##
#########'''#########
≈≈≈≈≈ #...#≈≈≈≈≈≈≈##
≈≈≈≈≈ #...#≈≈≈≈≈≈≈≈##
≈≈≈≈≈.#)).#.≈≈≈≈≈≈≈≈##
≈≈≈.c≈#...#≈..≈≈≈≈≈≈≈#
≈..≈≈≈..).)≈≈≈..≈≈≈≈≈#
.≈≈≈.......@.≈≈≈.≈≈≈≈#
.≈.....≈≈≈.....≈)≈≈≈≈#
≈≈.⌠..≈≈≈≈≈..⌠.≈≈.≈≈≈#
≈.....≈≈≈≈≈.....≈.≈≈≈#
≈....≈≈≈≈c≈≈....≈≈.≈≈#
.....≈≈≈≈≈≈≈.....≈.≈≈#
.....≈≈≈?≈≈≈.....≈.≈≈#
.....≈≈≈)≈o≈.....≈.≈≈#
..≈≈≈[≈≈≈.....≈.≈≈#


You could see an orc warrior and 2 centaurs.

Vanquished Creatures
  A two-headed ogre (D:6)
  Sigmund (D:3)
  Duvessa (D:5)
  An ice beast (D:6)
  A sky beast (D:6)
  2 black bears
  9 orc warriors (Bailey)
  A necrophage (D:5)
  3 ogres
  7 centaurs
  3 phantoms
  A kobold brigand (D:7)
  A scorpion (D:5)
  A wyvern zombie (D:5)
  Dowan (D:5)
  A water moccasin skeleton (D:5)
  8 wights
  A centaur zombie (D:4)
  4 jellies
  4 centaur skeletons
  A gnoll shaman (D:7)
  2 orc priests
  3 hounds
  Crazy Yiuf (D:2)
  A bullfrog skeleton (D:4)
  Jessica (D:2)
  5 iguanas
  5 orc wizards
  Ijyb (D:5)
  7 adders
  5 gnolls (D:7)
  A howler monkey skeleton (D:7)
  2 shadow imps
  An adder skeleton (D:4)
  3 worms
  2 dart slugs (D:3)
  44 orcs
  10 ball pythons
  5 endoplasms
  6 giant cockroaches
  4 goblins
  10 hobgoblins
  6 jackals (D:2)
  5 quokkas
  2 bats
  2 frilled lizards
  14 kobolds
  4 rats
205 creatures vanquished.

Vanquished Creatures (others)
  A plant (D:3)
1 creature vanquished.

Grand Total: 206 creatures vanquished

Notes
Turn   | Place    | Note
-------+----------+-------------------------------------------
     0 | D:1      | Peloso the Minotaur Fighter began the quest for the Orb.
     0 | D:1      | Reached XP level 1. HP: 19/19 MP: 0/0
   230 | D:1      | Reached XP level 2. HP: 27/27 MP: 1/1
   386 | D:1      | Found a faded altar of an unknown god.
   841 | D:2      | Reached skill level 3 in Long Blades
   842 | D:2      | Reached XP level 3. HP: 29/33 MP: 2/2
  1271 | D:2      | Noticed Jessica
  1283 | D:2      | Killed Jessica
  1544 | D:2      | Reached XP level 4. HP: 40/40 MP: 3/3
  1941 | D:2      | Found a runed translucent door.
  1942 | D:2      | Noticed Crazy Yiuf
  1950 | D:2      | Killed Crazy Yiuf
  2247 | D:3      | Noticed Sigmund
  2647 | D:3      | HP: 1/40 [Sigmund/+0 scythe (5)]
  2649 | D:3      | Killed Sigmund
  2650 | D:3      | Reached skill level 4 in Long Blades
  2650 | D:3      | Reached skill level 5 in Armour
  2650 | D:3      | Reached skill level 1 in Dodging
  2650 | D:3      | Reached XP level 5. HP: 1/47 MP: 4/4
  3076 | D:3      | Reached XP level 6. HP: 52/53 MP: 5/5
  3079 | D:3      | Identified the +3 leather armour of Dishonesty {Drain +Inv
                  | rElec Stlth+}
  3590 | D:3      | Found a burning altar of Makhleb.
  3593 | D:3      | Found a shimmering blue altar of Sif Muna.
  3616 | D:3      | Found Duvoyg's Antique Armour Boutique.
  3728 | D:3      | Reached skill level 5 in Long Blades
  4133 | D:4      | Reached skill level 5 in Fighting
  4161 | D:4      | Reached XP level 7. HP: 61/61 MP: 6/6
  4256 | D:3      | Bought a polished scale mail for 189 gold pieces
  4256 | D:3      | Identified the +1 scale mail of the Stars {-Cast Str+5}
                  | (You bought it in a shop on level 3 of the Dungeon)
  4453 | D:4      | Reached skill level 6 in Long Blades
  4723 | D:5      | Entered Level 5 of the Dungeon
  4723 | D:5      | Noticed Ijyb
  4729 | D:5      | Killed Ijyb
  4735 | D:5      | Reached skill level 5 in Shields
  4834 | D:5      | Identified the ring "Fepilaita" {Ice rElec Str+3 Stlth+}
  4937 | D:5      | Reached skill level 7 in Long Blades
  4971 | D:5      | Reached XP level 8. HP: 68/69 MP: 7/7
  5118 | D:5      | Noticed Duvessa
  5120 | D:5      | Noticed Dowan
  5353 | D:4      | Reached skill level 8 in Long Blades
  5513 | D:5      | Killed Duvessa
  5515 | D:5      | Killed Dowan
  6711 | D:6      | Reached XP level 9. HP: 77/77 MP: 8/8
  6716 | D:6      | Reached skill level 1 in Stealth
  6726 | D:6      | Noticed a seven-headed hydra
  6773 | D:6      | Noticed a two-headed ogre
  6794 | D:6      | Killed a two-headed ogre
  6795 | D:6      | Reached skill level 9 in Long Blades
  7583 | D:7      | Reached skill level 10 in Long Blades
  7770 | D:7      | Found a staircase to the Ecumenical Temple.
  7794 | Temple   | Entered the Ecumenical Temple
  7799 | Temple   | Became a worshipper of Warmaster Okawaru
  7814 | D:7      | Found Hifucwuu's General Store.
  8105 | D:8      | Found a flagged portal.
  8192 | Bailey   | Entered a bailey
  8790 | Bailey   | Reached skill level 5 in Dodging
  8792 | Bailey   | Reached * piety under Okawaru
  8793 | Bailey   | Reached skill level 1 in Evocations
  8793 | Bailey   | Reached XP level 10. HP: 50/86 MP: 9/9
  9317 | Bailey   | Reached skill level 11 in Long Blades
  9333 | Bailey   | HP: 2/86 [centaur/javelin (13)]
  9333 | Bailey   | Hit by a javelin thrown by a centaur

Illustrated notes

Levels and vault maps discovered:
D:1:      dpeg_arrival_water_temple_mockup, layout_loops_ring,
          dreamdust_ecumenical_altar_angels_and_demons,
          chequers_serial_rivers_micro_b, kennysheep_pointless_box,
          hangedman_decor_growths, minmay_pentomino_v2
D:2:      layout_basic, uniq_jessica, uniq_crazy_yiuf_cottage
D:3:      minmay_wonky_spiral, layout_basic, mainiacjoe_overflow_catwalk_spiral,
          serial_shops, nicolae_shop_overgrown_old_shop, uniq_sigmund
D:4:      layout_basic
D:5:      layout_cave_pools, hangedman_decor_lopped, uniq_duvessa, uniq_ijyb
D:6:      cheibrodos_fzero, layout_cave_pools
D:7:      layout_basic, minmay_temple_entry_grid, serial_shops, shop,
          minmay_misc_feat_tower
D:8:      minmay_the_grid_square_5x5_3x3 [minmay_the_grid_square_5x5_corner,
          minmay_the_grid_square_5x5_intrusive_squares,
          minmay_the_grid_square_5x5_two_walls_a, minmay_the_grid_square_5x5_z,
          minmay_the_grid_square_5x5_megaprize_open,
          minmay_the_grid_square_5x5_misaligned,
          minmay_the_grid_square_5x5_three_small,
          minmay_the_grid_square_5x5_hollow_slash,
          minmay_the_grid_square_5x5_inner_v], layout_basic,
          mainiacjoe_overflow_tiny_flanked, grunt_ashenzari_visionary
          [grunt_ashenzari_visionary_shoals, grunt_ashenzari_visionary_spider],
          enter_bailey_2, minmay_pinched_square
Temple:   minmay_freezing_vapour_temple
Bailey:   bailey_polearm_flooded_kennysheep, bailey

Skill      XL: |  1  2  3  4  5  6  7  8  9 10 |
---------------+-------------------------------+-----
Armour         | 4 5 6 7 |  7.8
Fighting       | 4 5 6 7 |  7.4
Long Blades    | 3 4 5 7 8 10 11 | 11.1
Shields        | 4 5 7 8 9 |  9.3
Dodging        | 1 2 3 5 |  5.0
Stealth        | 1 |  1.1
Evocations     | 1 2 |  2.0
Unarmed Combat | |  0.7

Action                   |  1- 3 |  4- 6 |  7- 9 | 10-12 || total
-------------------------+-------+-------+-------+-------++-------
Melee: Long sword        |    77 |    95 |   334 |    54 ||   560
       Headbutt          |    11 |    18 |    64 |     9 ||   102
       Unarmed           |       |    17 |       |       ||    17
Invok: Heroism           |       |       |       |     1 ||     1
Evoke: Wand              |       |       |     7 |    11 ||    18
  Use: Potion            |     2 |     1 |       |       ||     3
       Scroll            |     2 |       |     5 |     1 ||     8
Armor: Scale mail        |    48 |    38 |   259 |    14 ||   359
       Skin              |       |     4 |       |       ||     4
Dodge: Dodged            |    36 |    34 |   144 |    28 ||   242
Block: Buckler           |    19 |    19 |       |       ||    38
       Tower shield      |       |    18 |   334 |    68 ||   420
